 Dungeon Crawl Stone Soup version 0.20.0-8-g6b59dc7 (webtiles) character file.

73 Hasart the Shield-Bearer (level 4, -4/31 HPs)
             Began as an Octopode Fighter on June 2, 2017.
             Slain by an ogre
             ... wielding a cursed -1 giant club
              (14 damage)
             ... on level 4 of the Dungeon.
             The game lasted 00:03:38 (1998 turns).

Hasart the Shield-Bearer (Octopode Fighter)         Turns: 1998, Time: 00:03:39

Health: -4/31      AC:  1    Str: 16    XL:     4   Next: 27%
Magic:  4/4        EV: 11    Int: 10    God:
Gold:   213        SH:  9    Dex: 11    Spells: 3/3 levels left

rFire    . . .     SeeInvis .   a - +0 flail
rCold    . . .     Gourm    .   b - +0 shield
rNeg     . . .     Faith    .   (helmet restricted)
rPois    .         Spirit   .   (no amulet)
rElec    .         Reflect  .   (no ring)
rCorr    .         Harm     .   (no ring)
MR       .....                  (no ring)
Stlth    +++.......             (no ring)
Regen    0.1/turn               (no ring)
MPRegen  0.1/turn               (no ring)
                                (no ring)
                                (no ring)

@: no status effects
A: almost no armour, stealthy swim, amphibious, 8 rings, constrict 8, camouflage
1, gelatinous body 1
a: no special abilities


You were on level 4 of the Dungeon.
You were not hungry.

You visited 1 branch of the dungeon, and saw 4 of its levels.

You collected 213 gold pieces.

Inventory:

Hand Weapons
 a - a +0 flail (weapon)
Armour
 b - a +0 shield (worn)
Scrolls
 h - a scroll of identify {unknown}
 i - 2 scrolls of teleportation {unknown}
 j - a scroll of fog {unknown}
 k - a scroll of fear {unknown}
 l - a scroll of immolation {unknown}
 m - a scroll of blinking {unknown}
 p - a scroll of remove curse {unknown}
Potions
 c - a potion of might
 e - a potion of lignification {unknown}
 o - a potion of heal wounds {unknown}
 q - a potion of cancellation {unknown}
Comestibles
 d - 2 bread rations
 f - a royal jelly
 g - 7 fruits


   Skills:
 + Level 3.4 Fighting
 * Level 2.8 Maces & Flails
 + Level 3.2 Dodging
 + Level 2.2 Stealth
 + Level 3.5 Shields


You had 3 spell levels left.
You didn't know any spells.

Dungeon Overview and Level Annotations

Branches:
Dungeon (4/15)
 Temple: D:4-7

Altars:
Jiyva


Innate Abilities, Weirdness & Mutations

You cannot wear most types of armour.
You are very stealthy in the water. (Stealth+)
You are amphibious.
You can wear up to eight rings at the same time.
You can use your tentacles to constrict eight enemies at once.
Your skin changes colour to match your surroundings (Stealth+).
Your rubbery body absorbs attacks. (AC +1, EV +1)


Message History

The hobgoblin shouts!
You block the orc's attack. The quokka closely misses you.
The orc priest calls down the wrath of Beogh upon you.
Beogh smites you! The quokka misses you.
The orc wizard shouts!
Found 7 gold pieces.
An orc comes into view. It is wielding a club.
There is a stone staircase leading down here.
The orc hits you with a dagger.
* * * LOW HITPOINT WARNING * * *
You climb downwards.
An ogre comes into view. It is wielding a giant club.
There is a stone staircase leading up here.
Unknown command.
The helpless ogre fails to defend itself.
You thump the ogre!
The ogre is heavily wounded.
You block the orc's attack. The ogre hits you with a giant club!
You die...

.. ###.
.. ... #.
#.. ..
..#
.###..#
.....###.
#.O......
#@o......
###....#.
...# #.#
#


You could see an ogre and an orc.

Vanquished Creatures
  An adder (D:2)
  A worm (D:2)
  A dart slug (D:1)
  A leopard gecko (D:2)
  5 orcs (D:3)
  A giant cockroach (D:1)
  6 goblins
  11 hobgoblins
  3 jackals (D:1)
  4 kobolds
  A quokka (D:2)
  4 bats
  3 frilled lizards
  6 rats
48 creatures vanquished.

Notes
Turn   | Place    | Note
-------+----------+-------------------------------------------
     0 | D:1      | Hasart the Octopode Fighter began the quest for the Orb.
     0 | D:1      | Reached XP level 1. HP: 16/16 MP: 1/1
   114 | D:1      | Found a viscous altar of Jiyva.
   114 | D:1      | Noticed a jelly
   114 | D:1      | Noticed a jelly
   114 | D:1      | Noticed a jelly
   114 | D:1      | Noticed a jelly
   114 | D:1      | Noticed a jelly
   114 | D:1      | Noticed a jelly
   123 | D:1      | Noticed a jelly
   164 | D:1      | Reached XP level 2. HP: 11/21 MP: 2/2
   674 | D:1      | Reached skill level 1 in Stealth
   683 | D:1      | Reached XP level 3. HP: 12/26 MP: 3/3
  1566 | D:2      | Reached XP level 4. HP: 31/31 MP: 4/4
  1997 | D:4      | Noticed an ogre
  1998 | D:4      | Slain by an ogre

Skill      XL: |  1  2  3 |
---------------+----------+-----
Stealth        | 1 2 |  2.2
Fighting       | |  3.4
Maces & Flails | |  2.8
Dodging        | |  3.2
Shields        | |  3.5

Action                   |  1- 3 |  4- 6 || total
-------------------------+-------+-------++-------
Melee: Flail             |    73 |    22 ||    95
       Constrict         |    22 |     4 ||    26
       Tentacles         |    13 |     3 ||    16
 Stab: Sleeping          |     9 |     3 ||    12
       Distracted        |       |     1 ||     1
  Eat: Chunk             |     2 |     1 ||     3
Armor: Skin              |     6 |     2 ||     8
Dodge: Dodged            |    22 |     7 ||    29
Block: Shield            |    28 |     7 ||    35
